 Dungeon Crawl Stone Soup version 0.31-a0-1082-g7d1fb776a8 (webtiles) character file.

Game seed: 2463762551069348192

24362 Dirtsage the Mimic (level 13, -7/133 HPs)
             Began as an Octopode Shapeshifter on Nov 27, 2023.
             Was an Initiate of Gozag.
             Mangled by a death yak (9 damage)
             ... on level 3 of the Lair of Beasts on Nov 28, 2023.
             The game lasted 00:43:02 (13810 turns).

Dirtsage the Mimic (Octopode Shapeshifter)         Turns: 13810, Time: 00:43:03

Health: -7/133     AC: 33    Str: 23    XL:     13   Next: 12%
Magic:  10/20      EV:  2    Int: 14    God:    Gozag
Gold:   3831       SH:  0    Dex: 11    Spells: 11/21 levels left

rFire   . .          .
                       - Unarmed
rCold   . . .        (no shield)
rNeg    . . .        (helmet currently unavailable)
rPois   +            E - amulet of the acrobat
rElec   .            h - +5 ring of evasion
rCorr   .            m - +6 ring of strength
SInv    +            W - ring of wizardry
Will    .....        P - ring of poison resistance
Stlth   +            S - ring of see invisible
HPRegen 0.42/turn    (no ring)
MPRegen 0.17/turn    (no ring)
                     (no ring)

%: acrobat, wizardry (x1)
@: ice-armoured, tree-form, gold aura
A: stationary, stasis, torment immunity, boosted hp, almost no armour,
(amphibious), 8 rings, (camouflage 1), (gelatinous body 1), (nimble swimmer 1),
(tentacles)
a: Renounce Religion, Potion Petition, Call Merchant, Bribe Branch


You were on level 3 of the Lair of Beasts.
You worshipped Gozag.
Gozag was most pleased with you.
You were a tree.
You visited 3 branches of the dungeon, and saw 13 of its levels.
You also visited: Bailey.

You collected 4023 gold pieces.
You spent 80 gold pieces at shops.
You paid 112 gold pieces to Gozag.

Inventory:

Missiles
 G - 9 curare-tipped darts
Magical Staves
 J - a staff of cold
Jewellery
 b - a ring of ice
 h - a +5 ring of evasion (left branch)
 m - a +6 ring of strength (right branch)
 E - an amulet of the acrobat (around neck)
 P - a ring of poison resistance (on tentacle)
 S - a ring of see invisible (on tentacle)
 W - a ring of wizardry (on tentacle)
Talismans
 k - a talisman of death
 x - a dragon-blood talisman
 L - a serpent talisman (active)
Wands
 l - a wand of flame (26)
 y - a wand of roots (4)
 D - a wand of digging (7)
 K - a wand of charming (3)
Scrolls
 f - 2 scrolls of revelation
 g - a scroll of fear
 i - a scroll of fog {unknown}
 p - 3 scrolls of amnesia
 r - 2 scrolls of enchant weapon
 s - a scroll of poison
 t - 5 scrolls of teleportation
 v - 2 scrolls of vulnerability
 w - 2 scrolls of noise
 A - 3 scrolls of enchant armour
 B - 3 scrolls of blinking
 F - a scroll of immolation
Potions
 a - 3 potions of lignification
 c - a potion of heal wounds {unknown}
 d - a potion of might {unknown}
 e - a potion of ambrosia
 j - 5 potions of attraction
 n - a potion of resistance
 o - 3 potions of mutation {unknown}
 q - a potion of curing
 u - 2 potions of enlightenment {unknown}
 z - 3 potions of brilliance {unknown}
 C - 2 potions of magic {unknown}
Miscellaneous
 H - a phial of floods
 I - a phantom mirror


   Skills:
 - Level 8.5 Fighting
 + Level 4.9 Dodging
 - Level 8.9 Unarmed Combat
 - Level 4.7 Spellcasting
 - Level 6.0 Ice Magic
 - Level 10.0 Poison Magic
 - Level 5.1 Evocations
 * Level 12.1 Shapeshifting


You had 11 spell levels left.
You knew the following spells:

 Your Spells              Type           Power      Damage    Failure   Level
a - Olgreb's Toxic Radia  Pois           31%        N/A       1%          4
b - Frozen Ramparts       Ice            40%        1d7       1%          3
A - Ozocubu's Armour      Ice            20%        N/A       1%          3

Your spell library contained the following spells:

 Spells                   Type           Power      Damage    Failure   Level
 Metabolic Englaciation   Hex/Ice        5%         N/A       47%         5
 Petrify                  Tmut/Erth      3%         N/A       54%         4
 Ozocubu's Refrigeration  Ice            10%        4d9       99%         7
 Discord                  Hex            1%         N/A       100%        8
 Ignition                 Fire           1%         3d3       100%        8


Dungeon Overview and Level Annotations

Branches:
Dungeon (9/15)             Temple (1/1) D:7            Lair (3/5) D:8
  Swamp (0/4) Lair:2        Snake (0/4) Lair:2          Orc (0/2) D:9
 Bailey (visited)

Altars:
Ashenzari
Cheibriados
Dithmenos
Elyvilon
Fedhas
Gozag
Hepliaklqana
Kikubaaqudgha
Makhleb
Nemelex Xobeh
Okawaru
Ru
Sif Muna
Uskayaw
Vehumet
Wu Jian
Xom
Yredelemnul
Zin
The Shining One

Shops:
D:6 *


Innate Abilities, Weirdness & Mutations

You are a tree.
Your roots penetrate the ground, keeping you stationary.
You cannot be teleported.
You are immune to unholy pain and torment.
Your maximum health is greatly increased.
You cannot wear most types of armour.
((You are amphibious.))
You can wear up to eight rings at the same time.
((Your skin changes colour to match your surroundings (Stealth+).))
((Your rubbery body absorbs attacks. (AC +1, EV +1)))
((You are camouflaged when in or above water. (Stealth+)))
((You have tentacles for arms and can constrict up to eight enemies at once.))


Message History

The death yak is heavily wounded.
You constrict the death yak. The death yak gores you!
* * * LOW HITPOINT WARNING * * *
You take 10 damage, and have 13/106 hp.
Your transformation has ended.
You turn into a tree.
Your roots penetrate the ground.
You lose your grip on the death yak.
The death yak gores you!
* * * LOW HITPOINT WARNING * * *
You now have 7/133 hp.
You feel better.
The death yak gores you but does no damage.
You regained 11 hp, and now have 18/133 hp.
You barely miss the death yak.
The death yak is heavily wounded.
The death yak gores you but does no damage.
You smack the death yak!
Your punch misses the death yak.
The death yak is severely wounded.
The death yak gores you but does no damage.
You hit the death yak but do no damage.
The death yak is severely wounded.
You barely miss the death yak.
The death yak is severely wounded.
The death yak gores you!
* * * LOW HITPOINT WARNING * * *
You take 13 damage, and have 6/133 hp.
You feel better.
The death yak is distracted by your dazzling golden aura.
You regained 7 hp, and now have 13/133 hp.
The death yak bellows!
You pummel the death yak!!
The death yak is no longer distracted by gold.
The death yak is almost dead.
The death yak gores you!
* * * LOW HITPOINT WARNING * * *
You take 11 damage, and have 2/133 hp.
You hit the death yak but do no damage.
The death yak is almost dead.
The death yak gores you!
You die...
Your body crumbles into a pile of gold.

#### ##~~#### ..
##~~~~~~## P<
##~~....~~### ### #.
#~~......~~~####.###.+#
#~~......P.~~~#...#....
#~~P.##Y....P.....+....
#~~<.#♣####............
#~~~.### ###....#.....
##~~~# ##...?#....
##### #####..l.. #....
.... #.#P ##.


You could see a death yak (very poisoned).

Vanquished Creatures
  Fannar (Lair:2)
  3 two-headed ogres
  2 death yaks (Lair:3)
  2 bog bodies
  2 orc knights (Bailey)
  Joseph (D:7)
  2 black mambas
  4 cane toads
  Jeremiah (Lair:1)
  4 komodo dragons
  A rime drake (Lair:3)
  Psyche (D:8)
  A troll (D:8)
  A hornet (D:7)
  3 blink frogs (Lair:2)
  A shadow (D:9)
  A slime creature (D:9)
  Sigmund (D:2)
  4 wyverns
  A basilisk (Lair:2)
  26 yaks
  Eustachio (D:5)
  Edmund (D:5)
  An acid dragon (D:9)
  2 nagas (Lair:2)
  5 water moccasins
  Duvessa (D:4)
  3 sky beasts
  11 orc warriors
  6 black bears
  An ice beast (D:7)
  13 wolves
  2 ogres
  2 boggarts (D:8)
  5 centaurs
  10 kobold brigands
  11 bullfrogs
  3 gnoll sergeants
  A scorpion (D:4)
  5 wights (D:8)
  Dowan (D:4)
  16 killer bees
  7 electric eels
  3 howler monkeys
  3 gnoll boudas
  9 hounds
  3 iron imps (D:4)
  Ijyb (D:5)
  3 iguanas
  Natasha (thrice) (D:2)
  7 orc wizards
  7 adders
  27 gnolls
  A shadow imp (D:6)
  A white imp (D:6)
  4 ufetubi
  5 worms
  3 dart slugs
  31 orcs
  8 bats
  4 endoplasms
  4 giant cockroaches
  9 goblins
  7 hobgoblins
  10 jackals
  31 kobolds
  4 quokkas
  2 ball pythons
  6 frilled lizards
  3 rats (D:2)
  A spectral orc (D:6)
  A butterfly (Lair:2)
372 creatures vanquished.

Notes
Turn   | Place    | Note
-------+----------+-------------------------------------------
     0 | D:1      | Dirtsage the Octopode Shapeshifter began the quest for the
                  | Orb.
     0 | D:1      | Reached XP level 1. HP: 13/13 MP: 1/1
    47 | D:1      | Reached XP level 2. HP: 12/18 MP: 2/2
   413 | D:1      | Reached XP level 3. HP: 21/23 MP: 3/3
   558 | D:2      | Noticed Natasha
   567 | D:2      | Killed Natasha
   640 | D:2      | Noticed Natasha
   644 | D:2      | Killed Natasha
   645 | D:2      | Reached XP level 4. HP: 29/29 MP: 4/4
   651 | D:2      | Noticed Natasha
   894 | D:2      | Noticed Sigmund
   910 | D:2      | Killed Sigmund
   911 | D:2      | Reached skill level 4 in Shapeshifting
   911 | D:2      | Reached XP level 5. HP: 26/35 MP: 5/5
   911 | D:2      | Reached XP level 6. HP: 30/41 MP: 6/6
  1156 | D:2      | Killed Natasha
  2056 | D:3      | Found a broken altar of Ashenzari.
  2253 | D:3      | Learned a level 4 spell: Olgreb's Toxic Radiance
  2318 | D:4      | Reached skill level 5 in Shapeshifting
  2318 | D:4      | Reached XP level 7. HP: 27/46 MP: 7/7
  2328 | D:3      | Reached skill level 1 in Poison Magic
  2501 | D:4      | Found an iron altar of Okawaru.
  2696 | D:4      | Noticed Duvessa
  2696 | D:4      | Noticed Dowan
  2704 | D:4      | Killed Duvessa
  2709 | D:4      | Killed Dowan
  2874 | D:4      | Found a white marble altar of Elyvilon.
  3047 | D:4      | Found a burning altar of Makhleb.
  3063 | D:4      | Reached XP level 8. HP: 54/54 MP: 8/8
  3248 | D:5      | Entered Level 5 of the Dungeon
  3296 | D:5      | Noticed Eustachio
  3308 | D:5      | Killed Eustachio
  3367 | D:5      | Noticed Edmund
  3375 | D:5      | Killed Edmund
  3376 | D:5      | Reached skill level 5 in Unarmed Combat
  3376 | D:5      | Reached skill level 6 in Shapeshifting
  3665 | D:5      | Noticed Ijyb
  3672 | D:5      | Killed Ijyb
  3819 | D:5      | Reached skill level 5 in Poison Magic
  4358 | D:6      | Reached XP level 9. HP: 41/59 MP: 9/9
  4599 | D:6      | Reached skill level 7 in Shapeshifting
  4961 | D:6      | Found Teufinn's General Store.
  4964 | D:6      | Reached skill level 5 in Fighting
  4987 | D:6      | Bought a scroll of identify for 20 gold pieces
  4987 | D:6      | Bought a potion of curing for 30 gold pieces
  4987 | D:6      | Bought a potion of attraction for 30 gold pieces
  5183 | D:6      | Found a basalt altar of Yredelemnul.
  5440 | D:7      | Learned a level 3 spell: Ozocubu's Armour
  5600 | D:7      | Noticed a hornet
  5605 | D:7      | Killed a hornet
  5606 | D:7      | Reached skill level 1 in Ice Magic
  5649 | D:7      | Noticed Joseph
  5659 | D:7      | Killed Joseph
  5891 | D:7      | Found a glowing silver altar of Zin.
  5900 | D:7      | Found a shimmering blue altar of Sif Muna.
  5904 | D:7      | Found a hide-covered altar of Uskayaw.
  5905 | D:7      | Found a sacrificial altar of Ru.
  5906 | D:7      | Found an ancient bone altar of Kikubaaqudgha.
  5970 | D:7      | Reached XP level 10. HP: 54/67 MP: 1/10
  6047 | D:7      | Found a staircase to the Ecumenical Temple.
  6056 | D:7      | Reached skill level 8 in Shapeshifting
  6072 | Temple   | Entered the Ecumenical Temple
  6079 | Temple   | Became a worshipper of Gozag Ym Sagoz the Greedy
  6320 | D:8      | Noticed a two-headed ogre
  6320 | D:8      | Noticed a two-headed ogre
  6504 | D:8      | Found a blossoming altar of Fedhas.
  6504 | D:8      | Found a shimmering altar of Xom.
  6642 | D:8      | Found a flagged portal.
  6675 | Bailey   | Entered a bailey
  6978 | Bailey   | Noticed an orc knight
  7046 | Bailey   | Killed an orc knight
  7047 | Bailey   | Noticed an orc knight
  7074 | Bailey   | Killed an orc knight
  7075 | Bailey   | Reached skill level 5 in Ice Magic
  7188 | Bailey   | Found an iron altar of Okawaru.
  7353 | D:8      | Noticed Psyche
  7375 | D:8      | Killed Psyche
  7548 | D:8      | Killed a two-headed ogre
  7549 | D:8      | Reached skill level 1 in Spellcasting
  7549 | D:8      | Reached skill level 9 in Shapeshifting
  7549 | D:8      | Reached XP level 11. HP: 74/74 MP: 1/12
  7674 | D:8      | Killed a two-headed ogre
  8052 | D:8      | Reached skill level 10 in Poison Magic
  8082 | D:8      | Found a staircase to the Lair.
  8756 | D:8      | Learned a level 3 spell: Frozen Ramparts
  8809 | D:9      | Found a shadowy altar of Dithmenos.
  9154 | D:9      | Reached skill level 1 in Evocations
  9797 | D:9      | Noticed a two-headed ogre
  9807 | D:9      | Killed a two-headed ogre
  9994 | D:9      | Found a staircase to the Orcish Mines.
 10445 | D:5      | Identified a scroll of acquirement
 10455 | D:5      | Acquired 506 gold pieces
 10574 | Lair:1   | Entered Level 1 of the Lair of Beasts
 10679 | Lair:1   | Reached skill level 10 in Shapeshifting
 10926 | Lair:1   | Noticed Jeremiah
 10936 | Lair:1   | Killed Jeremiah
 11084 | Lair:1   | Reached XP level 12. HP: 69/81 MP: 16/16
 12206 | Lair:2   | Reached skill level 11 in Shapeshifting
 12283 | Lair:2   | Noticed Fannar
 12297 | Lair:2   | Killed Fannar
 12405 | Lair:2   | Found a staircase to the Snake Pit.
 12576 | Lair:2   | Reached skill level 5 in Evocations
 12864 | Lair:2   | Found a staircase to the Swamp.
 13111 | Lair:2   | Reached XP level 13. HP: 79/89 MP: 16/20
 13800 | Lair:3   | Reached skill level 12 in Shapeshifting
 13807 | Lair:3   | HP: 6/133 [death yak (13)]
 13809 | Lair:3   | HP: 2/133 [death yak (11)]
 13810 | Lair:3   | Mangled by a death yak

Illustrated notes

Levels and vault maps discovered:
D:1:      amcnicky_arrival_abandoned_market, layout_basic
D:2:      layout_basic, serial_glass, glass_columns_a, glass_columns_c,
          uniq_natasha, uniq_sigmund
D:3:      layout_rooms, mainiacjoe_overflow_concentric_impassable
D:4:      layout_basic, mainiacjoe_overflow_brackets, overflow_temple_1_default,
          demons_altar, uniq_duvessa
D:5:      minmay_spotlight, layout_basic, uniq_eustachio, uniq_edmund, uniq_ijyb
D:6:      layout_loops_ring, yredelemnul_forgotten_temple_becter, serial_shops,
          shop
D:7:      layout_basic, minitemple, minmay_temple_entry_statues_fountains,
          uniq_joseph
D:8:      layout_gridville, jmf_multi_god_temple, erik_lair_island,
          enter_bailey_2, nicolae_phantomly_mirrored, uniq_psyche
D:9:      minmay_octagon_keep, layout_small_grid,
          nicolae_dithmenos_the_darkroom, david_orc_2
Temple:   nicolae_temple_ecumenical_triangle
Lair:1:   layout_chaotic_city, dpeg_stationary_puzzle, grunt_megastairs_2,
          uniq_jeremiah
Lair:2:   layout_gridlike, skrybe_swamp_entry_bodies,
          guppyfry_snake_entry_island, beast_lair_carwin_8, lemuel_fruit_fields,
          uniq_fannar
Lair:3:   layout_roguey, chequers_serial_rivers_small_b,
          cheibrodos_lair_caveside_slide, patterned_corridor,
          serial_bayou_shore_a, uniq_amaemon

Skill      XL: |  1  2  3  4  5  6  7  8  9 10 11 12 13 |
---------------+----------------------------------------+-----
Fighting       | 2 3 4 5 6 7 8 |  8.5
Dodging        | 3 4 |  4.9
Shapeshifting  | 4 5 6 7 9 10 11 12 | 12.1
Unarmed Combat | 4 5 6 7 8 |  8.9
Poison Magic   | 3 6 8 9 10 | 10.0
Ice Magic      | 2 5 6 |  6.0
Spellcasting   | 1 3 4 |  4.7
Evocations     | 3 5 |  5.1

Action                     |  1- 3 |  4- 6 |  7- 9 | 10-12 | 13-15 || total
---------------------------+-------+-------+-------+-------+-------++-------
  Melee: Unarmed           |    52 |    76 |   213 |   342 |    32 ||   715
         Tentacles         |     6 |    17 |    53 |    56 |       ||   132
         Constrict         |    10 |    24 |    64 |    80 |     5 ||   183
         Punch             |     1 |     6 |     7 |       |       ||    14
   Cast: Olgreb's Toxic Ra |       |       |    15 |    66 |     5 ||    86
         Ozocubu's Armour  |       |       |     1 |    14 |     1 ||    16
         Frozen Ramparts   |       |       |       |     8 |     1 ||     9
  Evoke: Wand              |       |       |     5 |    16 |     1 ||    22
    Use: Potion            |       |     2 |       |       |     3 ||     5
         Scroll            |       |       |       |    14 |       ||    14
   Stab: Sleeping          |     4 |     4 |     3 |       |       ||    11
         Distracted        |       |       |       |     1 |       ||     1
 Armour: Skin              |    19 |    26 |    73 |   181 |    28 ||   327
  Dodge: Dodged            |    38 |    85 |   145 |   295 |     8 ||   571
   Form: Flux              |       |       |     2 |       |       ||     2
         Anaconda          |       |       |       |     1 |       ||     1

Table legend: (Time is in decaauts)
 A = Elapsed time spent in this place.
 B = Non-inter-level travel time spent in this place.
 C = Inter-level travel time spent in this place.
 D = Time resting spent in this place.
 E = Time spent auto-exploring this place.
 F = Levels seen in this place.
 G = Mean time per level.
                   A        B        C        D        E       F      G
               +--------+--------+--------+--------+--------+-----+--------+
         Total |  13767 |  13268 |    499 |    755 |  10176 |  14 |  983.4 |
       Dungeon |   9982 |   9517 |    465 |    526 |   7305 |   9 | 1109.1 |
        Temple |     12 |      8 |      4 |      0 |      0 |   1 |   12.0 |
          Lair |   3242 |   3213 |     29 |    229 |   2546 |   3 | 1080.7 |
        Bailey |    530 |    530 |      0 |      0 |    325 |   1 |  530.0 |
               +--------+--------+--------+--------+--------+-----+--------+

Top non-repeatable levels by time:
     D:8: 1925 daAuts
  Lair:2: 1732 daAuts
     D:9: 1541 daAuts
     D:6: 1376 daAuts
  Lair:1: 1355 daAuts
     D:2: 1123 daAuts
     D:5: 957 daAuts
     D:7: 946 daAuts
     D:4: 810 daAuts
     D:1: 700 daAuts
     D:3: 598 daAuts
  Bailey: 530 daAuts
  Lair:3: 154 daAuts
  Temple: 12 daAuts
